 Dungeon Crawl Stone Soup version 0.17.1-1-g73c8601 (webtiles) character file.

20484 onyx93 the Grappler (level 12, 0/105 HPs)
             Began as a Troll Monk on Dec 14, 2015.
             Was the Champion of Cheibriados.
             Slain by a 13-headed hydra (2 damage)
             ... on level 4 of the Lair of Beasts.
             The game lasted 00:45:33 (12343 turns).

onyx93 the Grappler (Troll Monk)                   Turns: 12343, Time: 00:45:34

Health: 0/105      AC: 12    Str: 38    XL:     12   Next: 45%
Magic:  11/11      EV: 11    Int: 24    God:    Cheibriados [******]
Gold:   836        SH: 23    Dex: 25    Spells: 0 memorised, 11 levels left

rFire  . . .     SeeInvis .       - Unarmed
rCold  . . .     Clarity  .     u - +2 robe {rN+}
rNeg   + . .     SustAt   .     o - +0 large shield
rPois  .         Gourm    +     r - +1 hat
rElec  .         Spirit   .     e - +2 cloak
rCorr  .         Warding  .     (gloves unavailable)
rMut   .         Stasis   .     (boots unavailable)
MR     .....                    (no amulet)
Stlth  ++........               (no ring)
                                (no ring)

@: very slow, not resistant to hostile enchantments, unstealthy
A: unfitting armour, claws 3, molten scales 1, blurry vision 1, clumsy 1, fast
metabolism 3, gourmand, regeneration 2, shaggy fur 1, spit poison 1, tough skin
2
a: Spit Poison, Bend Time, Temporal Distortion, Slouch, Step From Time, Renounce
Religion


You were on level 4 of the Lair of Beasts.
You worshipped Cheibriados.
Cheibriados was exalted by your worship.
You were completely stuffed.

You visited 3 branches of the dungeon, and saw 15 of its levels.
You also visited: Sewer and Volcano.

You collected 836 gold pieces.

Inventory:

Missiles
 K - 4 large rocks (quivered)
Armour
 e - a +2 cloak (worn)
 o - a +0 large shield (worn)
 r - a +1 hat (worn)
 u - a +2 robe of positive energy (worn)
Jewellery
 d - an uncursed ring of stealth {unknown}
 J - an uncursed ring of wizardry
 P - the ring of the Harvest {+Fly rPois MR+ SInv, unknown}
   (You found it on level 4 of the Lair of Beasts)

   [ring of protection from magic]

   It protects you from poison.
   It affects your resistance to hostile enchantments.
   It lets you see invisible.
   It lets you fly.
Wands
 v - a wand of flame (14)
 D - a wand of confusion (8)
 H - a wand of heal wounds (4)
 Q - a wand of flame (22)
Scrolls
 j - 4 scrolls of remove curse {unknown}
 k - 5 scrolls of teleportation {unknown}
 q - 3 scrolls of recharging {unknown}
 y - 3 scrolls of random uselessness {unknown}
 B - 5 scrolls of holy word {unknown}
 M - 2 scrolls of enchant weapon {unknown}
 O - 2 scrolls of enchant armour {unknown}
Potions
 g - 2 potions of haste {unknown}
 h - 3 potions of lignification {unknown}
 i - a potion of resistance {unknown}
 l - 3 potions of heal wounds
 n - 3 potions of agility {unknown}
 p - 3 potions of mutation {unknown}
 s - 5 potions of brilliance
 t - a potion of might
 w - 3 potions of magic
 x - 4 potions of flight
 z - 3 potions of berserk rage
 F - 5 potions of curing
 L - 2 potions of cure mutation {unknown}
 N - a potion of degeneration {unknown}
Books
 a - a book of Unlife

   Spells                             Type                      Level
   a - Recall                         Summoning/Translocation      3
   b - Animate Dead                   Necromancy                   4
   c - Control Undead                 Necromancy                   4
   d - Cigotuvi's Embrace             Necromancy                   5
   e - Death Channel                  Necromancy                   6
   f - Simulacrum                     Ice/Necromancy               6
 C - a book of Alchemy

   Spells                             Type                      Level
   a - Sublimation of Blood           Necromancy                   2
   b - Ignite Poison                  Fire/Transmutation/Poison    3
   c - Alistair's Intoxication        Transmutation/Poison         4
   d - Condensation Shield            Ice                          4
   e - Petrify                        Transmutation/Earth          4
   f - Irradiate                      Conjuration/Transmutation    5
 E - a book of the Dragon

   Spells                             Type                      Level
   a - Flame Tongue                   Conjuration/Fire             1
   b - Cause Fear                     Hexes                        4
   c - Bolt of Fire                   Conjuration/Fire             6
   d - Dragon Form                    Transmutation                7
   e - Dragon's Call                  Summoning                    9
 G - a book of Maledictions

   Spells                             Type                      Level
   a - Corona                         Hexes                        1
   b - Ensorcelled Hibernation        Hexes/Ice                    2
   c - Confuse                        Hexes                        3
   d - Tukima's Dance                 Hexes                        3
   e - Dazzling Spray                 Conjuration/Hexes            3
Comestibles
 b - 9 bread rations
 c - 2 chunks of flesh
 f - 8 meat rations
 m - 3 beef jerkies
 A - 12 fruits
 I - 11 slices of pizza


   Skills:
 - Level 3.2 Fighting
 - Level 2.4 Dodging
 - Level 1.1 Stealth
 + Level 12.8 Shields
 + Level 13.8 Unarmed Combat


You had 11 spell levels left.
You didn't know any spells.

Dungeon Overview and Level Annotations

Branches:
Dungeon (10/15)            Temple (1/1) D:7            Lair (4/8) D:10
  Swamp: Lair:3-6    Shoals: Lair:3-6     Snake: Lair:3-6    Spider: Lair:3-6
    Orc: D:9-12

Altars:
Ashenzari
Cheibriados
Dithmenos
Elyvilon
Fedhas
Gozag
Kikubaaqudgha
Makhleb
Nemelex Xobeh
Okawaru
Qazlal
Ru
Sif Muna
Trog
Vehumet
Xom
Yredelemnul
Zin
The Shining One

Shops:
D:4 [

Annotations:
D:5 Dharmy's ghost, novice TrHu


Innate Abilities, Weirdness & Mutations

You are too large for most types of armour.
You have claws for hands.
Your metabolism is lightning-fast.
You like to eat raw meat.
You heal very quickly.
You are covered in fur (AC +1).
You have very tough skin (AC +2).
You are partially covered in molten scales (AC +1).
Scrolls take you a little longer to read.
You are clumsy. (Dex -2)
You can spit weak poison.


Message History

The 12-headed hydra bites you!
* * * LOW HITPOINT WARNING * * *
The 12-headed hydra bites you but does no damage.
The 12-headed hydra bites you!
* * * LOW HITPOINT WARNING * * *
The 12-headed hydra barely misses you.
You rip one of the 12-headed hydra's heads off!
The 11-headed hydra grows two more!
You claw the 13-headed hydra!
The 13-headed hydra is almost dead.
You block the 13-headed hydra's attack. The 13-headed hydra bites you!
* * * LOW HITPOINT WARNING * * *
You block the 13-headed hydra's attack. The 13-headed hydra bites you.
* * * LOW HITPOINT WARNING * * *
You block the 13-headed hydra's attack. The 13-headed hydra bites you.
* * * LOW HITPOINT WARNING * * *
The 13-headed hydra bites you but does no damage. x3
You block the 13-headed hydra's attack. The 13-headed hydra bites you.
* * * LOW HITPOINT WARNING * * *
The 13-headed hydra bites you.
You die...

...#.....##....#
...........§§...#
.........≈≈§§§≈..
.........≈≈§§≈§.. ..[ .
.........≈≈≈§≈≈.. ...
................ ..#
.............# ##.#
.##....D.P..## #...
....F..@....# ### #..P
............###.#####...
........................
≈......#..........P.....
≈.P.#..#..#....###......
...##..#P..#...# #.....#
>.. ......P#...####.....
.. .............#......[
....................


You could see a 13-headed hydra and a spiny frog.

Vanquished Creatures
  Maud (Lair:4)
  Nergalle (Lair:2)
  Pikel (D:4)
  An ugly thing (D:10)
  A manticore (Volcano)
  The ghost of Dharmy the Ruffian, a novice TrHu of Okawaru (D:7)
  4 black mambas
  A komodo dragon (Lair:3)
  3 spiny frogs
  4 fire drakes
  A two-headed ogre (D:10)
  A polar bear (Lair:1)
  8 blink frogs
  Sigmund (D:4)
  4 yaks (D:10)
  Eustachio (D:4)
  7 wolves
  A deep elf fighter (D:9)
  Grum (Lair:1)
  7 fire bats (Volcano)
  4 hippogriffs
  2 basilisks
  A mottled dragon (Volcano)
  2 ice beasts
  4 porcupines
  6 water moccasins
  4 sky beasts
  A swamp drake (Lair:1)
  A necrophage (D:6)
  9 centaurs
  3 orc warriors
  2 black bears (D:6)
  A phantom (D:9)
  5 ogres
  9 crocodiles
  13 giant frogs
  Blork the orc (D:6)
  3 big kobolds
  5 scorpions
  A wyvern skeleton (D:9)
  9 killer bees
  2 centaur zombies
  3 crimson imps
  3 jellies
  A quasit (D:10)
  3 wights (D:9)
  A giant frog skeleton (D:10)
  2 orc priests
  6 iguanas
  6 hounds
  A centaur skeleton (D:8)
  11 worker ants
  Natasha (thrice) (D:3)
  9 orc wizards
  A hound skeleton (D:10)
  A hound zombie (D:9)
  3 gnolls (D:6)
  3 worker ant zombies
  7 adders
  2 shadow imps (D:8)
  28 river rats
  An ooze (D:1)
  An adder skeleton (D:10)
  A worm (D:3)
  9 giant geckos
  34 orcs
  9 hobgoblins
  10 jackals
  5 ball pythons
  4 bats
  7 giant cockroaches
  6 giant newts
  5 goblins
  2 jackal skeletons
  14 kobolds
  2 quokkas
  5 rats
  A spectral orc (D:8)
  A butterfly (D:7)
  4 plants
353 creatures vanquished.

Vanquished Creatures (others)
  2 fungi (Lair:2)
2 creatures vanquished.

Grand Total: 355 creatures vanquished

Notes
Turn   | Place    | Note
--------------------------------------------------------------
     0 | D:1      | onyx93 the Troll Monk began the quest for the Orb.
     0 | D:1      | Reached XP level 1. HP: 22/22 MP: 0/0
   209 | D:1      | Reached XP level 2. HP: 29/29 MP: 1/1
   626 | D:1      | Reached XP level 3. HP: 36/36 MP: 2/2
   938 | D:2      | Found a deep blue altar of Sif Muna.
  1149 | D:2      | Reached skill level 5 in Unarmed Combat
  1572 | D:3      | Noticed a centaur
  1580 | D:3      | Killed a centaur
  1580 | D:3      | Reached XP level 4. HP: 31/45 MP: 3/3
  1580 | D:3      | Reached XP level 5. HP: 36/53 MP: 4/4
  1682 | D:3      | Found a glowing golden altar of the Shining One.
  1758 | D:3      | Noticed Natasha
  1761 | D:3      | Killed Natasha
  1761 | D:3      | Reached skill level 6 in Unarmed Combat
  1949 | D:3      | Found a blossoming altar of Fedhas.
  2006 | D:3      | Found a burning altar of Makhleb.
  2394 | D:3      | Noticed Natasha
  2408 | D:3      | Killed Natasha
  2665 | D:3      | Noticed Natasha
  2670 | D:3      | Killed Natasha
  2732 | D:4      | Reached skill level 1 in Shields
  2732 | D:4      | Reached XP level 6. HP: 61/61 MP: 5/5
  2789 | D:4      | Found Teel's Armour Boutique.
  2823 | D:4      | Found a shimmering altar of Xom.
  2828 | D:4      | Reached skill level 7 in Unarmed Combat
  2831 | D:4      | Noticed an angel
  2836 | D:4      | Found a glowing silver altar of Zin.
  2850 | D:4      | Noticed Sigmund
  2864 | D:4      | Killed Sigmund
  2864 | D:4      | Reached XP level 7. HP: 39/67 MP: 6/6
  3032 | D:4      | Found a shadowy altar of Dithmenos.
  3047 | D:4      | Noticed a slave
  3048 | D:4      | Noticed Pikel
  3048 | D:4      | Noticed a slave
  3049 | D:4      | Noticed a slave
  3049 | D:4      | Noticed a slave
  3070 | D:4      | Killed Pikel
  3070 | D:4      | Reached skill level 8 in Unarmed Combat
  3070 | D:4      | Reached XP level 8. HP: 39/75 MP: 7/7
  3110 | D:4      | Noticed Eustachio
  3134 | D:4      | Killed Eustachio
  3134 | D:4      | Reached skill level 9 in Unarmed Combat
  3204 | D:4      | Found an iron altar of Okawaru.
  3327 | D:5      | Entered Level 5 of the Dungeon
  3327 | D:5      | Noticed Dharmy's ghost (novice TrHu)
  3490 | D:5      | Found a sparkling altar of Nemelex Xobeh.
  3672 | D:5      | Found a bloodstained altar of Trog.
  3814 | D:5      | Reached skill level 5 in Shields
  4168 | D:6      | Reached XP level 9. HP: 73/83 MP: 8/8
  4371 | D:6      | Reached skill level 10 in Unarmed Combat
  4497 | D:6      | Found a stormy altar of Qazlal.
  4751 | D:6      | Found a bloodstained altar of Trog.
  4775 | D:6      | Noticed Blork the orc
  4784 | D:6      | Killed Blork the orc
  4791 | D:6      | Found a glowing drain.
  4800 | Sewer    | Entered a sewer
  4929 | Sewer    | Found a white marble altar of Elyvilon.
  5371 | D:7      | Found a staircase to the Ecumenical Temple.
  5392 | Temple   | Entered the Ecumenical Temple
  5463 | Temple   | Became a worshipper of Cheibriados the Contemplative
  5463 | Temple   | Reached * piety under Cheibriados
  5463 | Temple   | Reached ** piety under Cheibriados
  6052 | D:7      | Killed Dharmy's ghost
  6052 | D:7      | Reached skill level 11 in Unarmed Combat
  6460 | D:8      | Reached XP level 10. HP: 91/91 MP: 9/9
  6569 | D:8      | Reached *** piety under Cheibriados
  6852 | D:8      | Found a basalt altar of Yredelemnul.
  7105 | D:9      | Gained mutation: You are partially covered in molten scales (AC +1). [mutagenic meat]
  7145 | D:9      | Reached **** piety under Cheibriados
  7210 | D:9      | Found an opulent altar of Gozag.
  7854 | D:10     | Entered Level 10 of the Dungeon
  7922 | D:10     | Reached ***** piety under Cheibriados
  8029 | D:10     | Reached skill level 12 in Unarmed Combat
  8114 | D:10     | Found a staircase to the Lair.
  8433 | D:10     | Noticed a cyan ugly thing
  8444 | D:10     | Killed a cyan ugly thing
  8452 | D:10     | Gained mutation: Scrolls take you a little longer to read. [mutagenic meat]
  8453 | D:10     | Gained mutation: You are clumsy. (Dex -2) [mutagenic meat]
  8455 | D:10     | Gained mutation: You can spit weak poison. [mutagenic meat]
  8644 | Lair:1   | Entered Level 1 of the Lair of Beasts
  8741 | Lair:1   | Reached XP level 11. HP: 97/97 MP: 10/10
  8799 | Lair:1   | Reached skill level 10 in Shields
  8912 | Lair:1   | Noticed a black mamba
  8930 | Lair:1   | Killed a black mamba
  9122 | Lair:1   | Noticed Grum
  9149 | Lair:1   | Killed Grum
  9637 | Lair:2   | Noticed Nergalle
  9650 | Lair:2   | Killed Nergalle
  9665 | Lair:2   | Reached ****** piety under Cheibriados
 10323 | Lair:3   | Found a shimmering altar of Xom.
 10336 | Lair:3   | Reached skill level 13 in Unarmed Combat
 11236 | Lair:3   | Reached XP level 12. HP: 72/105 MP: 11/11
 11394 | Lair:3   | Found a white marble altar of Elyvilon.
 11741 | Lair:4   | Found a dark tunnel.
 11765 | Volcano  | Entered a volcano
 12041 | Lair:4   | Got a shimmering iron ring
 12237 | Lair:4   | Noticed Maud
 12255 | Lair:4   | Killed Maud
 12331 | Lair:4   | Noticed a seven-headed hydra
 12343 | Lair:4   | HP: 2/105 [13-headed hydra (5)]
 12343 | Lair:4   | Slain by a 13-headed hydra

Action                   |  1- 3 |  4- 6 |  7- 9 | 10-12 || total
-------------------------+-------+-------+-------+-------++-------
Melee: Unarmed           |    89 |   100 |   334 |   663 ||  1186
  Use: Scroll            |       |       |       |    10 ||    10
       Potion            |       |       |       |     6 ||     6
 Stab: Sleeping          |     3 |     1 |     1 |     3 ||     8
       Distracted        |       |       |       |     1 ||     1
  Eat: Chunk             |    19 |    12 |    30 |    47 ||   108
